[Event "*** Titled Tuesday Blitz"]
[Site "Chess.com"]
[Date "2020.01.07"]
[Round "4"]
[White "1stSecond"]
[Black "vovachesss"]
[Result "1-0"]
[WhiteElo "2833"]
[BlackElo "2578"]
[TimeControl "180+2"]
[EndTime "13:57:42 PST"]
[Termination "1stSecond won on time"]

1. Nf3 d5 2. g3 Nf6 3. Bg2 c6 4. O-O Bg4 5. d4 Nbd7 6. Nbd2 e6 7. Re1 Be7 8. e4 dxe4 9. Nxe4 Nxe4 10. Rxe4 Nf6 11.
Re1 O-O 12. c3 c5 13. h3 Bxf3 14. Qxf3 cxd4 15. Qxb7 Rb8 16. Qxa7 dxc3 17. bxc3 Rc8 18. Bb2 Bc5 19. Qa6 Rb8 20. Qe2 Qa5 21. c4 Rfd8 22.
Bxf6 gxf6 23. Rad1 f5 24. Kh2 Qa3 25. Qh5 Be7 26.
Qe2 Bc5 27. Rxd8+ Rxd8 28. Rb1 Qc3 29. Rb2 Kg7 30. Rc2 Qd3 31. Qxd3 Rxd3 32. Bc6 Ra3 33.
Kg2 Kf6 34. Rb2 Ke5 35. Rd2 f4 36. Re2+ Kf5 37. Be4+ Ke5 38. Bxh7+ Kd4 39. gxf4 Kxc4 40. f5 exf5 41. Bxf5 Bd4 42. h4 Kd5 43. h5 Ra6 44. Kh3 Be5 45. Kg4 Ra4+ 46. Kh3 Rf4 47. Bc2 Bf6 48.
Bb3+ Kd4 49. Bxf7 Rh4+ 50. Kg3 Rh1 51. Bg6 Be5+ 52. Kg2 Rh2+ 53. Kg1 Rh4 54. a4 Bc7 55. Rc2 Bb6 56. Kf1 Ke5 57. Rb2 Bc5 58. Rb5 Kd6 59. a5 Rf4 60. Rb2 Ra4 61. Rd2+ Ke7 62. Rd5 Ra1+ 63.
Kg2 Bb4 64. h6 Bxa5 65. h7 Bc3 66. Rc5 Bd4 67. Rc4 Bh8 68. Rc8 Kf6 69. Bc2 Kg7 70.
Rg8+ Kh6 71. Rxh8 Ra7 72. Rg8 Rg7+ 73. Kf1 1-0

[Event "*** Titled Tuesday Blitz"]
[Site "Chess.com"]
[Date "2020.01.07"]
[Round "4"]
[White "liczner"]
[Black "boasovietica"]
[Result "1/2-1/2"]
[WhiteElo "2788"]
[BlackElo "2485"]
[TimeControl "180+2"]
[EndTime "13:57:49 PST"]
[Termination "Game drawn - insufficient material"]

1. e4 e5 2. Nf3 Nc6 3. Bb5 a6 4. Bxc6 dxc6 5. O-O Bg4 6. h3 h5 7. d3 Qf6 8. Be3 Bxf3 9. Qxf3 Qxf3 10. gxf3 f6 11.
Kh1 Bd6 12. Rg1 Kf7 13. Nd2 h4 14. Nc4 g5 15. d4 Re8 16. dxe5 Bxe5 17. Rad1 Ke6 18.
Nxe5 Kxe5 19. Rxg5+ fxg5 20. Bd4+ Kf4 21. Bxh8 Kxf3 22.
e5 g4 23. Rd3+ Kxf2 24. hxg4 Nh6 25. Bf6 Nxg4 26. Bxh4+ Ke2 27. Kg2 Nxe5 28. Rd4 Rg8+ 29. Bg3 Ng4 30. Kh3 Ne3 31. Bxc7 Rh8+ 32. Rh4 Rxh4+ 33.
Kxh4 Nxc2 34. Kg5 Nb4 35. Kf5 Nxa2 36. Ke5 Kd3 37. Kd6 Kc4 38. Bb6 Nb4 39. Kc7 Nd3 40. Kxb7 Kb5 41. Bd4 c5 42. Bg7 a5 43. Kc7 c4 44. Bc3 Nc5 45. Bh8 a4 46. Kd6 Ne4+ 47. Kd5 Nc5 48. Bc3 Nd3 49. Kd4 Nb4 50. Bd2 Na2 51.
Be1 Nb4 52. Kc3 Nd5+ 53. Kc2 Nf4 54. Bd2 Nd3 55. Bc3 Nc5 56. Bh8 Ne4 57. Be5 Kc5 58. Bh8 Kb4 59. Bd4 Kb5 60. Be5 Kc6 61. Bg7 Kd5 62.
Kb1 Ke6 63. Ka2 Kd5 64. Ka3 c3 65. Bxc3 Nxc3 66. bxc3 Kc4 67. Kxa4 Kxc3 1/2-1/2

[Event "*** Titled Tuesday Blitz"]
[Site "Chess.com"]
[Date "2020.01.07"]
[Round "4"]
[White "MatthewG-p4p"]
[Black "GianmarcoVaR"]
[Result "0-1"]
[WhiteElo "2841"]
[BlackElo "2588"]
[TimeControl "180+2"]
[EndTime "13:57:57 PST"]
[Termination "GianmarcoVaR won by resignation"]

1. b3 e5 2. Bb2 d6 3. d4 g6 4. dxe5 Bg7 5. Nf3 Nd7 6. c4 Ne7 7. Nc3 dxe5 8. e3 O-O 9. Be2 h6 10. O-O e4 11. Nd4 Nf6 12. Qc2 Nf5 13. Rad1 Qe7 14.
Nxf5 Bxf5 15. Nd5 Nxd5 16. Bxg7 Kxg7 17. cxd5 Qd6 18. Qc3+ f6 19. Rd2 Rf7 20. Rc1 h5 21. Qc5 Qxc5 22. Rxc5 Rd8 23. h3 Kf8 24. Rdc2 h4 25.
Rxc7 Rxc7 26. Rxc7 Rd7 27. Rc5 b6 28. Rc6 Ke7 29.
Bc4 g5 30. Kf1 Bg6 31. Re6+ Kf7 32. Rc6 Ke7 33. Rc8 Bf7 34. Ra8 Kd6 35. Bb5 Rc7 36. Rd8+ Ke7 37. Rh8 Bxd5 38. Rh6 Rc1+ 39. Ke2 Rc2+ 40.
Ke1 Rxa2 41. Rh7+ Kd6 42. b4 a6 43. Be2 Ra1+ 44. Kd2 Ra2+ 45. Ke1 a5 46. bxa5 bxa5 47. Ra7 a4 48. f3 exf3 49. gxf3 a3 50. Ra5 Be6 51. Ra6+ Kd7 52. Bb5+ Kc7 53. Rxe6 Rb2 54. Bc4 a2 55. Bxa2 Rxa2 56. Rxf6 Rh2 57. Rg6 Rxh3 58. Kf2 Rg3 59. e4 Kd7 60. e5 Ke7 61. Ke2 h3 62.
Kf2 Rg2+ 63. Kf1 Rg3 64. Kf2 Rg2+ 65. Ke3 Rg1 66. Rh6 Rg3 67. Ke4 g4 68. f4 Rg2 69.
Kf5 h2 70. Rh7+ Kd8 71. e6 g3 72. Rh8+ Kc7 73. e7 Re2 74. Rh7 Kd7 75. Kf6 Re6+ 76. Kf5 Rxe7 77. Rh3 g2 78. Rxh2 g1=Q 0-1

[Event "*** Titled Tuesday Blitz"]
[Site "Chess.com"]
[Date "2020.01.07"]
[Round "4"]
[White "moro182"]
[Black "Konavets"]
[Result "0-1"]
[WhiteElo "2757"]
[BlackElo "2974"]
[TimeControl "180+2"]
[EndTime "13:58:10 PST"]
[Termination "Konavets won by resignation"]

1. d4 Nf6 2. c4 g6 3. g3 Bg7 4.
Bg2 O-O 5. Nc3 d6 6. Nf3 Nc6 7.
O-O a6 8. b3 Rb8 9. d5 Na5 10.
Bg5 h6 11. Bd2 c5 12. dxc6 Nxc6 13. Qc1 Kh7 14. Rd1 Bd7 15. Bf4 Qa5 16. Bd2 Qh5 17.
Qc2 Rfc8 18. Rac1 b5 19. cxb5 axb5 20. Qd3 Nb4 21. Qb1 Bf5 22. Qb2 Ne4 23. Be1 Bxc3 24. Bxc3 Nxa2 25. Bh8 Rxh8 26. Qxa2 b4 27. Qa7 Rhe8 28.
Rc7 Ra8 29. Qb7 Rab8 30. Qa7 Ra8 31. Qb7 Reb8 32. Qd5 e6 33. Qc6 g5 34. Nd4 Nc3 35.
Re1 Qg6 36. Qxd6 Rd8 37. Qxb4 Nd5 38. Bxd5 Rxd5 39. Qb7 Rf8 40. Qb4 Rfd8 41. e3 Bh3 42. Qb7 Rf8 43. Rec1 Kg8 44. Rd7 Rxd7 45. Qxd7 Qe4 46.
Qc6 Qd3 47. Qc2 Qa6 48. Qe4 Rc8 49. Rxc8+ Qxc8 50. Qc6 Qb8 51. f3 Qb4 52. Qc1 e5 53.
Nc6 Qb5 54. Kf2 Qxb3 55. Qd2 Qc4 56. Ne7+ Kg7 57. e4 Qf1+ 58. Ke3 Qg1+ 59. Kd3 Qd4+ 60. Ke2 Qg1 61. Qd6 Qxh2+ 62. Kd1 Qxg3 63. Qd8 Qxf3+ 64. Kc1 Qc3+ 65. Kb1 Qb4+ 66. Kc1 Qc3+ 67. Kb1 Qe1+ 68. Ka2 Qf2+ 69. Ka3 Qe3+ 70. Kb2 Qd4+ 71. Qxd4 exd4 72.
Kc2 Be6 73. Kd3 h5 74. Kxd4 h4 75. Ke3 h3 76. Kf3 Kf6 77. Nc6 Bd7 78. Nd4 Ke5 79.
Ne2 g4+ 80. Kg3 Kxe4 81. Nc3+ Kf5 82. Nd5 Be6 83. Nf4 Ke5 84. Nd3+ Ke4 85. Nf4 Bc8 86. Nh5 f5 87. Nf6+ Ke5 88. Nh5 h2 89. Kxh2 f4 90.
Kg2 Bb7+ 91. Kf2 Bd5 92. Ke2 Bf7 93. Ng7 Kf6 0-1

[Event "*** Titled Tuesday Blitz"]
[Site "Chess.com"]
[Date "2020.01.07"]
[Round "4"]
[White "LimeInTheCoconut"]
[Black "Squirlolz"]
[Result "1/2-1/2"]
[WhiteElo "2455"]
[BlackElo "2640"]
[TimeControl "180+2"]
[EndTime "13:58:14 PST"]
[Termination "Game drawn - insufficient material"]

1. e4 e6 2. d4 d5 3. e5 c5 4.
c3 Nc6 5. Nf3 Bd7 6. Be2 f6 7.
O-O fxe5 8. Nxe5 Nxe5 9. dxe5 Qc7 10. c4 d4 11. f4 Nh6 12. Nd2 Be7 13. Ne4 O-O 14.
Bd3 Bc6 15. Qe2 Rad8 16. Bd2 Nf5 17. Rad1 b6 18. b3 Qb7 19. Ng3 g6 20. Ne4 Kg7 21. Rde1 Bh4 22. Rd1 Ne3 23. Bxe3 Bxe4 24. Bd2 Bc6 25.
Be1 Be7 26. Bg3 Rf7 27. Rd2 Rdf8 28. Qe1 b5 29. cxb5 Bxb5 30. Bxb5 Qxb5 31. Qe4 Rc8 32. Qd3 Qc6 33. Rc1 Bd8 34. Rdc2 Bb6 35. Bh4 Qd5 36.
Bf6+ Kg8 37. Rc4 Rd7 38. Rd1 Bd8 39. Bxd8 Rcxd8 40. Rdc1 Rc7 41. b4 Rdc8 42. a3 Qb7 43. Rxc5 Rxc5 44. bxc5 Qd5 45. Rd1 Qxc5 46. Qxd4 Qxa3 47.
h3 Qc5 48. Qxc5 Rxc5 49. Rd8+ Kg7 50. Rd7+ Kh6 51. Rxa7 Rc4 52. g3 g5 53. fxg5+ Kxg5 54. Rxh7 Rc2 55. Rf7 Re2 56. Rf2 Rxe5 57. Kg2 Re3 58.
h4+ Kg6 59. Rf3 Re2+ 60. Kh3 e5 61. g4 e4 62. Ra3 Re1 63. Ra6+ Kf7 64. h5 e3 65. Kh4 e2 66. Ra7+ Ke6 67. Ra6+ Ke7 68. Ra7+ Ke6 69. Ra6+ Ke5 70. Ra5+ Kf4 71. Ra4+ Kf3 72.
Ra3+ Kf2 73. Ra2 Kf3 74. Kg5 Rg1 75. Rxe2 Kxe2 76. Kf4 Rh1 77. g5 Rxh5 78. g6 Rh8 79. Kf5 Ra8 80. g7 Kf3 81. Kg6 Kg4 82. Kh7 Ra7 83. Kh8 Ra8+ 84. g8=Q+ Rxg8+ 85. Kxg8 1/2-1/2

[Event "*** Titled Tuesday Blitz"]
[Site "Chess.com"]
[Date "2020.01.07"]
[Round "4"]
[White "RitvarsReimanis"]
[Black "TigrVShlyape"]
[Result "0-1"]
[WhiteElo "2569"]
[BlackElo "2808"]
[TimeControl "180+2"]
[EndTime "13:58:19 PST"]
[Termination "TigrVShlyape won on time"]

1. d4 d5 2. c4 c6 3. Nf3 Nf6 4. e3 g6 5. Nc3 Bg7 6. Qb3 O-O 7.
Bd2 a6 8. Rc1 e6 9. Be2 Nbd7 10.
O-O dxc4 11. Bxc4 b5 12. Be2 c5 13. dxc5 Nxc5 14. Qc2 Ncd7 15. Ne4 Bb7 16. Nd6 Qb6 17. Nxb7 Qxb7 18. Qc7 Qxc7 19. Rxc7 Nb6 20. Rb7 Na4 21. Bb4 Rfc8 22. b3 Nc5 23. Bxc5 Rxc5 24. Nd4 e5 25. b4 Rcc8 26. Nb3 Ne4 27. Bf3 Nc3 28.
Nc5 f5 29. Rxg7+ Kxg7 30. Bxa8 Rxa8 31. a3 a5 32. h3 axb4 33. axb4 Ra2 34. g4 Rb2 35.
Nd3 Rb3 36. Nxe5 Rxb4 37. gxf5 gxf5 38. Nd3 Ra4 39. Nf4 b4 40. Rc1 Kf6 41. Kg2 Ra6 42. Nd3 Nd5 43. Rc5 Rd6 44. Rb5 Nxe3+ 45. fxe3 Rxd3 46.
Rxb4 Rxe3 47. Rb7 h5 48. Rb8 Kg5 49. Rc8 h4 50. Rb8 Rc3 51. Rd8 Rg3+ 52. Kh2 Re3 53. Kg2 Kf4 54. Rd4+ Re4 55. Rd2 Rb4 56. Re2 Rb3 57. Rf2+ Ke4 58. Re2+ Re3 59. Ra2 Rg3+ 60. Kh2 Rd3 61. Kg2 f4 62. Re2+ Re3 63. Ra2 Rg3+ 64.
Kh2 Rd3 65. Kg2 Ke3 66. Rf2 Rd5 67. Rf3+ Ke4 68. Rf2 Rg5+ 69. Kh2 f3 70. Rf1 Rg2+ 71. Kh1 Re2 72. Rg1 f2 73. Rf1 Kf3 74. Kh2 Re3 75. Kh1 Re1 76. Kh2 Re2 77. Kh1 Kg3 0-1

[Event "*** Titled Tuesday Blitz"]
[Site "Chess.com"]
[Date "2020.01.07"]
[Round "4"]
[White "jlucasvf"]
[Black "benhal"]
[Result "0-1"]
[WhiteElo "2711"]
[BlackElo "2377"]
[TimeControl "180+2"]
[EndTime "13:58:29 PST"]
[Termination "benhal won on time"]

1. e4 c5 2. Nf3 Nc6 3. d4 cxd4 4.
Nxd4 Nf6 5. Nc3 e5 6. Ndb5 d6 7. Nd5 Nxd5 8. exd5 Nb8 9. Qd3 Be7 10. Qc3 Na6 11. Be3 O-O 12. Nxa7 Bd7 13. Bxa6 bxa6 14. Nc6 Bxc6 15. Qxc6 Qa5+ 16. Bd2 Qb5 17. Qxb5 axb5 18. Bb4 Rfc8 19. c3 f5 20. Ke2 Kf7 21. f3 Ra6 22. Kd3 Rca8 23. a3 Rc8 24. Rhc1 Bf6 25. c4 bxc4+ 26. Rxc4 e4+ 27. fxe4 fxe4+ 28. Rxe4 Bxb2 29. Rf1+ Kg8 30. Rc4 Rca8 31. Rc6 Ra4 32. Bxd6 Bxa3 33. Be5 Bf8 34. d6 R4a5 35. Kd4 h6 36.
Rc5 Ra4+ 37. Kd5 Rd8 38. Rb1 Ra6 39. Rc6 Ra5+ 40. Kd4 Ra4+ 41. Kc5 Ra2 42. Rb2 Ra5+ 43. Rb5 Ra2 44. Rb2 Ra5+ 45. Kd4 Ra4+ 46. Kd5 Ra5+ 47. Ke4 Re8 48. d7 Rexe5+ 49. Kf4 Rf5+ 50. Ke4 Rae5+ 51. Kd4 Rd5+ 52. Ke4 Rfe5+ 53. Kf4 Re7 54. Rb8 Rdxd7 55. Rcc8 Rf7+ 56. Ke5 Rde7+ 57. Kd5 Re2 58. g4 Rxh2 59. Ke4 Rg2 60. Ke5 Rxg4 61. Ke6 Rg6+ 62. Ke5 Rgf6 63. Ke4 g6 64. Rc1 Kg7 65. Rg1 Re7+ 66. Kd5 Rd7+ 67. Ke4 Re6+ 68. Kf4 Bd6+ 69. Kf3 Bxb8 70. Rb1 Rf7+ 71.
Kg2 Be5 72. Re1 Rf5 73. Re4 Rg5+ 74. Kf3 Rf6+ 75. Ke2 h5 76. Ra4 Rg4 77. Ra7+ Kh6 78. Ra8 Rb6 79. Re8 Bf6 80. Rf8 Bg7 81. Rb8 Rxb8 82.
Kf3 Rf8+ 83. Ke3 Rf6 84. Kd3 h4 85. Ke3 h3 86. Kd3 Rf3+ 87. Ke2 Ra3 88. Kf2 Rg2+ 0-1

[Event "*** Titled Tuesday Blitz"]
[Site "Chess.com"]
[Date "2020.01.07"]
[Round "4"]
[White "Mikasinski"]
[Black "KerryStead"]
[Result "1-0"]
[WhiteElo "2287"]
[BlackElo "2092"]
[TimeControl "180+2"]
[EndTime "13:58:34 PST"]
[Termination "Mikasinski won by checkmate"]

1. e4 e5 2. Nf3 d5 3. Nxe5 Bd6 4. d4 dxe4 5. Nc4 f5 6. Nc3 Nf6 7. f3 exf3 8. Qxf3 O-O 9. Nxd6 Qxd6 10. Be3 c6 11.
O-O-O Be6 12. Kb1 Nbd7 13. h3 Rae8 14. Bd3 Nd5 15. Bd2 Nxc3+ 16. Bxc3 Qd5 17. Qxd5 Bxd5 18. Rhg1 Nb6 19. b3 Be4 20. Bf1 Nd5 21. Bd2 b5 22. Kb2 f4 23. c4 bxc4 24. Bxc4 Kh8 25. Rde1 h6 26. Re2 f3 27. gxf3 Bxf3 28. Rxe8 Rxe8 29. Rg6 Nf6 30. Bxh6 Kh7 31. Rg3 Kxh6 32. Rxf3 Nd5 33. Bxd5 cxd5 34. Rf5 Rd8 35. Kc3 Kg6 36. Re5 Kf6 37. Kb4 Rh8 38. Rxd5 Rxh3 39. Ra5 g5 40. Ra6+ Kf5 41. Rxa7 g4 42. Rg7 Rh6 43. Kc4 Rg6 44. Rf7+ Ke4 45. Re7+ Kf5 46. d5 g3 47. Re1 g2 48. Rg1 Ke5 49. Kc5 Rg3 50. d6 Rc3+ 51. Kb6 Kxd6 52. Rxg2 Rc6+ 53. Kb5 Rc5+ 54. Kb4 Rc1 55.
a4 Kc6 56. Rg6+ Kb7 57. Kb5 Rc7 58. a5 Rf7 59. Rg5 Rh7 60. b4 Ka7 61. Rc5 Kb7 62.
a6+ Ka7 63. Ka5 Rh1 64. Rc7+ Kb8 65. Rg7 Rh6 66. b5 Rh1 67. Rf7 Rg1 68. Kb6 Rg6+ 69.
Ka5 Rg1 70. Rf5 Rg2 71. Rc5 Rg1 72. Kb6 Rg6+ 73. Rc6 Rg8 74. Re6 Rh8 75. Rg6 Rf8 76.
a7+ Ka8 77. Rg7 Rf6+ 78. Kc7 Rf7+ 79. Rxf7 Kxa7 80. Kc6+ Kb8 81. b6 Ka8 82. Rf8# 1-0

[Event "*** Titled Tuesday Blitz"]
[Site "Chess.com"]
[Date "2020.01.07"]
[Round "4"]
[White "Hikaru"]
[Black "Gabrielian_Artur"]
[Result "1-0"]
[WhiteElo "3138"]
[BlackElo "2797"]
[TimeControl "180+2"]
[EndTime "13:58:37 PST"]
[Termination "Hikaru won by resignation"]

1. e4 c5 2. Nf3 d6 3. Nc3 Nf6 4. h3 Nc6 5. d4 cxd4 6. Nxd4 e6 7.
g4 Be7 8. g5 Nd7 9. h4 a6 10.
Be3 Qc7 11. Nxc6 bxc6 12. Qd2 Rb8 13. O-O-O O-O 14. Bf4 e5 15. Be3 Qa5 16. Kb1 Qb4 17.
b3 a5 18. f4 a4 19. f5 axb3 20. cxb3 Nc5 21. Bxc5 dxc5 22. f6 Bd8 23. fxg7 Kxg7 24.
Qb2 Ba5 25. Na4 Qxe4+ 26. Bd3 Qd4 27. Bc4 Bf5+ 28. Ka1 Qxb2+ 29. Kxb2 Rfd8 30. Nxc5 Bb6 31. Na6 Ra8 32. a4 Bd4+ 33. Ka2 Bg4 34. Rdf1 Bh5 35. Rh2 e4 36. Nb4 Rd6 37. Be2 Be5 38. Bxh5 Bxh2 39.
Rxf7+ Kh8 40. Rf2 Bg3 41. Re2 Bxh4 42. Rxe4 Bxg5 43. Rc4 Rf8 44. a5 c5 45. Rxc5 Rf2+ 46. Ka3 Bd2 47. Nc6 Rxc6 48. Rxc6 Bxa5 49. b4 Bd8 50. Rc8 Rd2 51. b5 Kg7 52. Bg4 Kf6 53. Rc6+ Kg5 54. Bc8 Rd6 55. Rc5+ Kf6 56. Kb3 Bb6 57. Rh5 Kg7 58. Bf5 h6 59. Rh3 Rd5 60.
Bd3 Rg5 61. Be2 Re5 62. Rg3+ Kf6 63. Bd3 Rg5 64. Rf3+ Ke5 65. Rf7 Rg3 66. Kc3 Kd5 67. Rf5+ Kd6 68. Rf6+ Kc7 69. Rc6+ Kb7 70. Rxh6 Kc7 71.
Rc6+ Kb7 72. Re6 Kc7 73. Kc4 Rg1 74. Rc6+ Kb7 75. Bc2 Rg4+ 76. Kc3 Rg5 77. Kb4 Rg4+ 78. Kb3 Rg5 79. Bd3 Rg3 80. Kc3 Ba5+ 81. Kd4 Bb6+ 82. Kc3 Ba5+ 83. Kc4 Rg4+ 84. Kd5 Rg5+ 85. Ke4 Rg4+ 86.
Kf5 Rb4 87. Rg6 Bb6 88. Be4+ Ka7 89. Rg7+ Kb8 90. Rb7+ 1-0

[Event "*** Titled Tuesday Blitz"]
[Site "Chess.com"]
[Date "2020.01.07"]
[Round "4"]
[White "FMVolodymyrSakun"]
[Black "Alexander_Moskalenko"]
[Result "0-1"]
[WhiteElo "2564"]
[BlackElo "2808"]
[TimeControl "180+2"]
[EndTime "13:58:40 PST"]
[Termination "Alexander_Moskalenko won by resignation"]

1. e4 e6 2. d4 d5 3. Nd2 c5 4. exd5 Qxd5 5. Ngf3 cxd4 6. Bc4 Qd7 7. O-O Nf6 8. Nb3 Nc6 9. Nbxd4 Nxd4 10. Qxd4 Qxd4 11. Nxd4 a6 12. Be3 Bd7 13. h3 Rc8 14. Bb3 Bc5 15. Rad1 O-O 16. Rfe1 Rfd8 17. c3 h6 18. Nf3 Bxe3 19. Rxe3 Bb5 20. Rd4 Kf8 21. Rxd8+ Rxd8 22. Nd4 Bd7 23. Kf1 Rc8 24. Ke2 b5 25. a3 Rc5 26.
Rd3 Ke7 27. Rg3 g5 28. Rd3 Bc8 29. Nc2 Bb7 30. Ne3 h5 31. a4 h4 32. axb5 Rxb5 33. c4 Re5 34. f3 Nd7 35. Bc2 a5 36. Ra3 Nb6 37. b3 f5 38. Kd2 Kd6 39. Bd3 Bc6 40.
Ra1 Nd7 41. Bc2 Kc7 42. Rf1 Nf6 43. Ra1 Nh5 44. Re1 Kd6 45. Bd3 Nf4 46. Bf1 Bd7 47.
Ra1 Rc5 48. Kc3 Ke5 49. Nc2 Nd5+ 50. Kd2 Nb6 51. Re1+ Kf6 52. Kc3 e5 53. Ne3 f4 54. Nc2 Bf5 55. Na3 Nd5+ 56. Kd2 Ne3 57. Nb5 e4 58. Ra1 exf3 59. gxf3 Nxf1+ 60. Rxf1 Bxh3 61. Ra1 Bc8 62. Rxa5 h3 63. Ra1 g4 64. fxg4 Bb7 65.
Nd6 Bg2 66. b4 Rc6 67. c5 h2 68. Kd3 h1=Q 69. Rxh1 Bxh1 70. Kd4 Kg5 71. b5 Rc7 72. b6 Rd7 73. Ke5 Kxg4 74. Ke6 Rh7 75. Nf7 Rxf7 76. Kxf7 Ba8 77. Ke7 f3 78. Kd6 f2 79. c6 f1=Q 80. b7 Qf4+ 81. Kd7 Qf7+ 82. Kc8 Qe8+ 83. Kc7 Qe5+ 84. Kb6 Qb8 85. Ka6 Bxb7+ 86.
cxb7 Kf5 87. Kb6 Ke6 88. Kc6 Ke7 89. Kb6 Kd7 0-1

[Event "*** Titled Tuesday Blitz"]
[Site "Chess.com"]
[Date "2020.01.07"]
[Round "4"]
[White "Rud_Makarian"]
[Black "GMKrikor"]
[Result "1/2-1/2"]
[WhiteElo "2662"]
[BlackElo "2877"]
[TimeControl "180+2"]
[EndTime "13:59:01 PST"]
[Termination "Game drawn by repetition"]

1. d4 Nf6 2. c4 e6 3. Nf3 d5 4. g3 Bb4+ 5. Nc3 dxc4 6. Bg2 O-O 7.
O-O Nc6 8. Qa4 Nd5 9. Qc2 Be7 10. Rd1 Ncb4 11. Qd2 c5 12. a3 Nc6 13. dxc5 Nxc3 14.
bxc3 Bxc5 15. Qxd8 Rxd8 16. Rxd8+ Nxd8 17. Ne5 f6 18.
Nxc4 e5 19. Rb1 Rb8 20. Be3 Bxe3 21. Nxe3 Be6 22. c4 b6 23. c5 Kf8 24. cxb6 Rxb6 25. Rc1 f5 26. f4 e4 27. g4 g6 28. gxf5 gxf5 29. Rc3 Nf7 30. Bh3 Nd6 31. Kf2 Ke7 32.
Rc7+ Kf6 33. Rxa7 h6 34. a4 Rb2 35. Ra6 Ke7 36. a5 Ra2 37. Ra7+ Kf6 38. a6 Nc4 39. Rh7 Nxe3 40. Rxh6+ Ke7 41. Kxe3 Rxa6 42. Kf2 Ra3 43.
Bf1 e3+ 44. Kg3 Ra2 45. Kf3 Ra3 46. Bg2 Bc4 47. Rb6 Ra2 48. Bf1 Ra1 49. Bh3 Ra2 50.
Kxe3 Ra3+ 51. Kd4 Rxh3 52. Kxc4 Rxh2 53. e3 Rd2 54. Kc3 Rd1 55. Rb4 Rd8 56. Rd4 Rc8+ 57. Kd3 Ra8 58. Rb4 Ke6 59. Rb6+ Kf7 60. Kd4 Re8 61. Rb5 Re4+ 62. Kd3 Kf6 63. Ke2 Ra4 64. Kf3 Ra1 65. Rb6+ Kf7 66. Ke2 Ra3 67. Kd2 Ke7 68. Rc6 Kf7 69. Rc3 Ra4 70. Kd3 Ke7 71. Rc4 Ra8 72. Kd4 Kf7 73. Ke5 Re8+ 74. Kxf5 Rxe3 75. Rc7+ Kg8 76. Kf6 Rf3 77. f5 Rf1 78. Rc8+ Kh7 79. Re8 Rf2 80. Ra8 Rf1 81. Re8 Rf2 82. Re4 Ra2 83. Kf7 Ra7+ 84. Re7 Ra8 85. f6 Rb8 86. Ke6+ Kg8 87. Kf5 Rb1 88. Ke6 Re1+ 89. Kd7 Rf1 90. Ke6 Re1+ 91. Kd7 Rf1 92. Ke6 Re1+ 1/2-1/2

[Event "*** Titled Tuesday Blitz"]
[Site "Chess.com"]
[Date "2020.01.07"]
[Round "4"]
[White "Arystanner"]
[Black "M1711"]
[Result "0-1"]
[WhiteElo "2718"]
[BlackElo "2551"]
[TimeControl "180+2"]
[EndTime "13:59:34 PST"]
[Termination "M1711 won by resignation"]

1. c4 e5 2. Nc3 Bb4 3. Nd5 Bc5 4.
e3 Nf6 5. b4 Nxd5 6. bxc5 Nf6 7. d4 Qe7 8. Be2 exd4 9. exd4 O-O 10. Nf3 Re8 11. Be3 Ng4 12. Bg5 Nf6 13. Bxf6 Qxf6 14. O-O d6 15. cxd6 cxd6 16. Rb1 Nc6 17. h3 b6 18. Qd2 Bf5 19. Rb5 Be4 20. Rd1 Rac8 21. Ng5 Bg6 22. Bg4 Rc7 23. Nf3 Rce7 24. Qg5 Qxg5 25. Rxg5 Be4 26. c5 dxc5 27. dxc5 f6 28. Rh5 g6 29. Rh4 f5 30. Ng5 fxg4 31. hxg4 bxc5 32.
Rc1 Nd4 33. Rxc5 Ne2+ 34. Kh2 Ba8 35. f3 Nf4 36. Kg3 Ne6 37. Nxe6 Rxe6 38. g5 Re5 39. Rc7 Rxg5+ 40. Kf2 Rh5 41. Rxh5 gxh5 42. Rxa7 Bd5 43. a4 Bf7 44. a5 Re5 45. Kg3 Kg7 46. Kf4 Rb5 47. g3 Rb3 48. Ke4 Ra3 49. Kf4 Kf6 50. Ra6+ Be6 51. Ke4 Ra4+ 52. Ke3 Ke5 53. Ra7 Ra3+ 54.
Kf2 Bf5 55. Ra8 Ra2+ 56. Ke3 Ra3+ 57. Ke2 Kd4 58. Rd8+ Ke5 59. Re8+ Be6 60. Ra8 Kd4 61. Rd8+ Bd5 62. Rd7 Ra2+ 63. Kf1 Rxa5 64. Kg2 Ra2+ 65. Kh3 Ke5 66. f4+ Ke6 67. Rxh7 Bf3 68. Kh4 Rg2 69.
Rh8 Bg4 70. Rb8 Kf5 71. Rb5+ Ke4 72. Rb4+ Ke3 73. Rb3+ Ke4 74. Rb4+ Kd5 75. Rb5+ Kd4 76. Rb4+ Kc5 77. Rb8 Ra2 78. Rd8 Ra6 79. Rb8 Kd6 80.
Re8 Ra7 81. Rb8 Rg7 82. Rb5 Bf3 83. Kh3 Ke6 84. Rb3 Be4 85. Rb5 Bd5 86. Rb3 Ra7 87. Re3+ Kf6 88. Re5 Bf3 89. Rb5 Ra1 90. Rb6+ Kg7 91.
Kh4 Rg1 92. Kg5 Rxg3+ 93. Kf5 Rg1 94. Rb7+ Bxb7 0-1

[Event "*** Titled Tuesday Blitz"]
[Site "Chess.com"]
[Date "2020.01.07"]
[Round "4"]
[White "AlexanderKing"]
[Black "davigator"]
[Result "1/2-1/2"]
[WhiteElo "2545"]
[BlackElo "2338"]
[TimeControl "180+2"]
[EndTime "14:00:09 PST"]
[Termination "Game drawn by 50-move rule"]

1. e4 c5 2. Nf3 Nc6 3. d4 cxd4 4. Nxd4 Nf6 5. Nc3 d6 6. Bg5 a6 7. Qd2 e6 8. O-O-O Bd7 9. f3 Ne5 10. f4 Nc6 11. Nf3 h6 12. Bh4 Qa5 13. e5 Nd5 14. Nxd5 Qxd2+ 15. Rxd2 exd5 16. Rxd5 Be6 17. Rd1 dxe5 18.
Nxe5 Nxe5 19. fxe5 Bc5 20. Kb1 O-O 21. Bd3 Rac8 22.
Be4 Rc7 23. Rhf1 g5 24. Bf2 Rfc8 25. Bxc5 Rxc5 26. Bxb7 Rb8 27. Bf3 Rxe5 28. Rd4 a5 29. b3 Kg7 30. Kb2 Rc5 31. Rf2 Kg6 32. Be4+ Kg7 33.
Bd3 Re5 34. Re2 Rc5 35. Ree4 Kf6 36. Re2 Kg7 37. a3 Rb7 38. Rde4 Rb6 39. Re5 Rbc6 40. Rxc5 Rxc5 41. c4 Kf6 42. Kc3 Rc7 43. Rf2+ Ke5 44. Re2+ Kf4 45. Re4+ Kf5 46. Rh4+ Ke5 47. Rxh6 Kf4 48.
Rf6+ Ke5 49. Rf1 f5 50. Re1+ Kf6 51. b4 g4 52. g3 axb4+ 53. axb4 Ra7 54. Kb3 Rd7 55.
Re3 Rh7 56. Re2 Rd7 57. Bc2 Rd4 58. Rxe6+ Kxe6 59. Kc3 Rd8 60. b5 Kd6 61. Bxf5 Rg8 62. Kd4 Rg5 63. c5+ Kc7 64. Be4 Rh5 65. b6+ Kb8 66.
c6 Rb5 67. c7+ Kc8 68. Bd5 Rxb6 69. Ke5 Kxc7 70. Be6 Rb2 71. Bxg4 Rxh2 72. Kf4 Kd6 73. Bf3 Ke7 74. g4 Kf6 75. g5+ Kg7 76. Be4 Rh4+ 77. Kf5 Rh2 78. Bf3 Rf2 79. Kg4 Kg6 80. Be4+ Kg7 81.
Bf5 Rf1 82. Be4 Re1 83. Bf5 Ra1 84. Be4 Ra5 85. Kf4 Rb5 86. Kg4 Rb2 87. Kf4 Rf2+ 88.
Kg4 Rf1 89. Kg3 Kf7 90. Kg4 Kg7 91. Kg3 Re1 92. Bf5 Re5 93. Kf4 Ra5 94. Be4 Kf7 95.
Kg4 Re5 96. Kf4 Rb5 97. Kg4 Kg7 98. Kf4 Rb6 99. Kf5 Rd6 100. Kf4 Re6 101. Bf5 Re7 102. Kg4 Ra7 103. Kf4 Ra4+ 104. Be4 Kf7 105. Kf3 Ke6 106. Kf4 Rb4 107. Kf3 Ke5 108. Bc2 Rf4+ 109. Kg3 Rc4 110. Bh7 Rb4 111. Kf3 Ke6 112. Kg3 Kf7 113. Bf5 Kg7 114. Kf3 Kf7 115. Be4 Ke6 116. Bh7 Ke5 117. Kg3 Ra4 118. Kf3 Rh4 119. Bb1 Rh1 120. Bc2 Rh2 121. Bb1 Ke6 122. Kg4 Rh1 123. Be4 Re1 124. Kf4 Kf7 125. Bf5 1/2-1/2

[Event "*** Titled Tuesday Blitz"]
[Site "Chess.com"]
[Date "2020.01.07"]
[Round "4"]
[White "Korona_91"]
[Black "AlexTriapishko"]
[Result "0-1"]
[WhiteElo "2368"]
[BlackElo "2815"]
[TimeControl "180+2"]
[EndTime "14:00:12 PST"]
[Termination "AlexTriapishko won by resignation"]

1. e4 e5 2. Nf3 Nc6 3. Bc4 Nf6 4. d3 Bc5 5. Nc3 d6 6. Bg5 h6 7. Bxf6 Qxf6 8. Nd5 Qd8 9. c3 a6 10. d4 Ba7 11. dxe5 Nxe5 12. Nxe5 dxe5 13. Qh5 O-O 14. Qxe5 Re8 15. Qf4 Be6 16. O-O-O Qg5 17. Qxg5 hxg5 18. Bb3 Rac8 19. Rd2 c6 20. Nb4 Bxb3 21. axb3 Rxe4 22. Rhd1 Rce8 23. Rd7 R8e7 24. Rd8+ Kh7 25. Nd3 Bb6 26.
Rc8 Rd7 27. Rd2 Rh4 28. h3 Re4 29. Kc2 f6 30. b4 Rde7 31. Nc5 Bxc5 32. bxc5 a5 33.
Ra8 a4 34. f3 Rc4 35. Ra5 Kg6 36. Kd1 Re5 37. Rd4 Rexc5 38. Rxc5 Rxc5 39. Rxa4 Rd5+ 40. Ke2 Rb5 41. b4 Re5+ 42. Kf2 Rd5 43. Ra7 Rd7 44. c4 Kf5 45. c5 Ke5 46. Ke3 Kd5 47. Ra1 Kc4 48.
Rb1 Re7+ 49. Kd2 f5 50. g3 f4 51. gxf4 gxf4 52. h4 Rd7+ 53. Kc2 Rd3 54. Rg1 Rxf3 55. Rxg7 Rf2+ 56. Kd1 Kxb4 57. Rxb7+ Kxc5 58. h5 Kd5 59. h6 Rh2 60. h7 c5 61. Rf7 Ke4 62. Ke1 Kf3 63.
Rc7 c4 64. Kd1 Ke3 65. Re7+ Kd3 66. Rd7+ Ke4 67. Rc7 Kf3 68. Ke1 Rh1+ 69. Kd2 Rh4 70. Ke1 Rh2 71. Kd1 Rh1+ 72. Kd2 Rh6 73. Ke1 Kg3 74.
Rg7+ Kf3 75. Rc7 Rh4 76. Kd2 Kg3 77. Rg7+ Kf2 78. Rc7 f3 79. Rg7 Kf1 80. Rf7 f2 81.
Ke3 Rh3+ 82. Rf3 Rxf3+ 83. Kxf3 Ke1 84. h8=Q f1=Q+ 85. Ke4 Qd3+ 86. Kf4 c3 87. Qh4+ Kd2 88. Qf2+ Kd1 89. Qg1+ Kc2 90. Qc5 Kc1 91. Qg1+ Qd1 92. Qc5 Qd2+ 93. Ke4 c2 94. Qg1+ Qd1 95. Qe3+ Qd2 96.
Qg1+ Kb2 97. Qb6+ Ka3 98. Qa7+ Kb3 99. Qf7+ Ka4 100. Qa2+ Kb5 0-1